 Dungeon Crawl Stone Soup version 0.21-a0-536-gdbbf329 (webtiles) character file.

4105 kae the Basher (level 10, -2/90 HPs)
             Began as a Minotaur Fighter on Dec 14, 2017.
             Was a Follower of Okawaru.
             Slain by a wolf (3 damage)
             ... led by Grum
             ... on level 8 of the Dungeon.
             The game lasted 00:07:18 (6892 turns).

kae the Basher (Minotaur Fighter)                   Turns: 6892, Time: 00:07:19

Health: -2/90      AC:  9    Str: 26 (27) XL:     10   Next: 6%
Magic:  9/9        EV: 10    Int:  6 (7)  God:    Okawaru [*.....]
Gold:   402        SH:  9    Dex:  8 (10) Spells: 9/9 levels left

rFire    . . .     SeeInvis .   a - +1 flail
rCold    . . .     Gourm    .   c - +0 shield
rNeg     . . .     Faith    .   q - +1 scale mail of Xitill {rCorr} (curse)
rPois    .         Spirit   .   (helmet restricted)
rElec    .         Reflect  .   (no cloak)
rCorr    +         Harm     .   (no gloves)
MR       .....                  (no boots)
Stlth    ..........             (no amulet)
HPRegen  0.25/turn              b - ring of resist corrosion
MPRegen  0.11/turn              u - ring of wizardry

@: mighty
A: retaliatory headbutt, horns 2
a: Heroism, Renounce Religion


You were on level 8 of the Dungeon.
You worshipped Okawaru.
Okawaru was aware of your devotion.
You were not hungry.

You visited 2 branches of the dungeon, and saw 9 of its levels.

You collected 402 gold pieces.

Inventory:

Hand Weapons
 a - a +1 flail (weapon)
Missiles
 p - 3 throwing nets (quivered)
Armour
 c - a +0 shield (worn)
 q - the cursed +1 scale mail of Xitill (worn) {rCorr}
   (You found it on level 5 of the Dungeon)

   It protects you from acid and corrosion.
   It has a curse placed upon it.
 t - a +1 plate armour
Jewellery
 b - a ring of resist corrosion (left hand)
 l - an uncursed ring of stealth {unknown}
 u - a ring of wizardry (right hand)
 w - a cursed -6 ring of intelligence {unknown}
 z - a cursed ring of teleportation {unknown}
Wands
 k - a wand of digging (18)
 m - a wand of paralysis (12)
 y - a wand of enslavement (17)
 B - a wand of acid (13)
 E - a wand of scattershot (10)
Scrolls
 e - 8 scrolls of teleportation
 h - a scroll of enchant armour
 j - 3 scrolls of remove curse
 A - a scroll of identify
 C - a scroll of blinking
 H - a scroll of fear
Potions
 d - 2 potions of might
 i - 2 potions of flight
 n - 2 potions of ambrosia
 o - a potion of degeneration
 r - 5 potions of curing
 s - 3 potions of agility
 D - a potion of haste
 F - a potion of lignification {unknown}
Books
 v - a book of Conjurations

   Spells                             Type                      Level
   a - Magic Dart                     Conjuration                  1
   b - Searing Ray                    Conjuration                  2
   c - Dazzling Spray                 Conjuration/Hexes            3
   d - Fulminant Prism                Conjuration/Hexes            4
   e - Force Lance                    Conjuration/Translocation    4
   f - Iskenderun's Mystic Blast      Conjuration                  4
Comestibles
 f - 7 bread rations
 g - 5 meat rations
 I - 3 fruits


   Skills:
 + Level 8.7 Fighting
 * Level 11.1 Maces & Flails
 + Level 8.6 Armour
 + Level 7.0 Dodging
 - Level 3.6 Shields


You had 9 spell levels left.
You didn't know any spells.

Dungeon Overview and Level Annotations

Branches:
Dungeon (8/15)             Temple (1/1) D:6
   Lair: D:8-11

Altars:
Ashenzari
Cheibriados
Dithmenos
Elyvilon
Fedhas
Gozag
Hepliaklqana
Kikubaaqudgha
Makhleb
Nemelex Xobeh
Okawaru
Qazlal
Ru
Sif Muna
Trog
Vehumet
Wu Jian
Xom
Yredelemnul
Zin
The Shining One


Innate Abilities, Weirdness & Mutations

You reflexively headbutt those who attack you in melee.
You have a pair of horns on your head.


Message History

a trident of protection; a scale mail; a runed shield Your shield and scale mail of Xitill prevent you from hitting Grum.
Your headbutt misses Grum. Grum hits you with a glaive of flaming.
* * * LOW HITPOINT WARNING * * *
Grum burns you.
* * * LOW HITPOINT WARNING * * *
You thump Grum! You headbutt Grum!
Grum is severely wounded.
You bludgeon Grum!!
You kill Grum!
Okawaru accepts your kill.
Your Dodging skill increases to level 7!
You miss the wolf. The wolf barely misses you. You furiously retaliate!
You headbutt the wolf. You block the wolf's attack.
You hit the wolf.
The wolf is heavily wounded.
The wolf bites you.
* * * LOW HITPOINT WARNING * * *
The wolf bites you.
You die...

>.. ... ... # ...
#########.## #.#
#.....<....# #..#
#.....†....#
#..####..........#
#..†@hg.........#
######..........#
##........##
#........#
..........#
#.......>..#
#..........#
#.........


You could see a wolf and a gnoll.

Vanquished Creatures
  Pikel (D:6)
  Prince Ribbit (D:6)
  Sigmund (D:4)
  2 humans (D:7)
  Grum (D:8)
  Duvessa (D:6)
  An orc warrior (D:7)
  A sky beast (D:5)
  3 ogres
  A wolf (D:7)
  4 phantoms
  2 centaurs
  A big kobold (D:7)
  A gnoll sergeant (D:8)
  A wyvern zombie (D:6)
  3 bullfrogs
  Dowan (D:6)
  3 scorpions
  A howler monkey (D:6)
  3 crimson imps
  A centaur zombie (D:6)
  3 hounds
  A jelly (D:6)
  2 centaur skeletons
  2 orc priests (D:3)
  2 bullfrog skeletons
  3 orc wizards
  2 iguanas
  11 worker ants
  A killer bee zombie (D:6)
  A worker ant zombie (D:7)
  5 adders
  9 gnolls
  A river rat (D:6)
  2 oozes (D:1)
  An adder skeleton (D:4)
  A worm (D:3)
  2 dart slugs
  5 leopard geckos
  16 orcs
  2 ball pythons (D:1)
  4 bats (D:1)
  13 giant cockroaches
  8 goblins
  11 hobgoblins
  21 jackals
  3 quokkas
  3 frilled lizards
  17 kobolds
  A leopard gecko skeleton (D:6)
  A leopard gecko zombie (D:6)
  6 rats
194 creatures vanquished.

Vanquished Creatures (others)
  A worker ant (D:6)
  A quokka zombie (D:6)
2 creatures vanquished.

Grand Total: 196 creatures vanquished

Notes
Turn   | Place    | Note
-------+----------+-------------------------------------------
     0 | D:1      | kae the Minotaur Fighter began the quest for the Orb.
     0 | D:1      | Reached XP level 1. HP: 19/19 MP: 0/0
   135 | D:1      | Reached XP level 2. HP: 27/27 MP: 1/1
   142 | D:1      | Reached skill level 3 in Maces & Flails
   482 | D:1      | Reached skill level 1 in Dodging
   577 | D:1      | Reached XP level 3. HP: 33/33 MP: 2/2
   968 | D:2      | Reached XP level 4. HP: 40/40 MP: 3/3
  1088 | D:2      | Reached skill level 4 in Maces & Flails
  1211 | D:2      | Found an ancient bone altar of Kikubaaqudgha.
  1781 | D:3      | Reached XP level 5. HP: 47/47 MP: 4/4
  1798 | D:3      | Found a radiant altar of Vehumet.
  2111 | D:3      | Reached skill level 5 in Maces & Flails
  2468 | D:3      | Reached XP level 6. HP: 55/55 MP: 5/5
  2535 | D:4      | Reached skill level 5 in Fighting
  2537 | D:4      | Found a sparkling altar of Nemelex Xobeh.
  2560 | D:4      | Reached skill level 5 in Armour
  2614 | D:4      | Noticed Sigmund
  2622 | D:4      | Killed Sigmund
  2622 | D:4      | Reached skill level 6 in Maces & Flails
  2622 | D:4      | Reached XP level 7. HP: 49/61 MP: 6/6
  3392 | D:4      | Found a shadowy altar of Dithmenos.
  3841 | D:5      | Entered Level 5 of the Dungeon
  3957 | D:5      | Reached skill level 7 in Maces & Flails
  4068 | D:5      | Found a white marble altar of Elyvilon.
  4312 | D:5      | Reached XP level 8. HP: 69/70 MP: 7/7
  4315 | D:5      | Got a fine scale mail
  4326 | D:5      | Identified the cursed +1 scale mail of Xitill {rCorr} (You found it on level 5 of the Dungeon)
  4581 | D:6      | Noticed Prince Ribbit
  4592 | D:6      | Killed Prince Ribbit
  4800 | D:6      | Reached skill level 8 in Maces & Flails
  4852 | D:6      | Reached skill level 5 in Dodging
  4936 | D:6      | Found a burning altar of Makhleb.
  5000 | D:6      | Noticed Dowan
  5021 | D:6      | Found a staircase to the Ecumenical Temple.
  5026 | Temple   | Entered the Ecumenical Temple
  5118 | D:6      | Noticed Duvessa
  5136 | D:6      | Killed Duvessa
  5136 | D:6      | Reached skill level 9 in Maces & Flails
  5138 | D:6      | Killed Dowan
  5189 | D:6      | Noticed Pikel
  5214 | D:6      | Found a stormy altar of Qazlal.
  5236 | D:6      | Killed Pikel
  5236 | D:6      | Reached XP level 9. HP: 50/79 MP: 8/8
  5524 | D:6      | Reached skill level 10 in Maces & Flails
  5607 | D:6      | Found a deep blue altar of Sif Muna.
  5788 | D:7      | Found an iron altar of Okawaru.
  5832 | D:7      | HP: 3/81 [human/long sword (7)]
  5835 | D:7      | HP: 1/81 [poisoned by a scorpion]
  5897 | D:7      | Became a worshipper of Warmaster Okawaru
  6439 | D:7      | Found a sacrificial altar of Ru.
  6538 | D:7      | Found a shimmering altar of Xom.
  6539 | D:7      | Found a shimmering altar of Xom.
  6540 | D:7      | Found a shimmering altar of Xom.
  6540 | D:7      | Found a shimmering altar of Xom.
  6540 | D:7      | Found a shimmering altar of Xom.
  6540 | D:7      | Found a shimmering altar of Xom.
  6540 | D:7      | Found a shimmering altar of Xom.
  6540 | D:7      | Found a shimmering altar of Xom.
  6540 | D:7      | Found a shimmering altar of Xom.
  6678 | D:7      | Reached skill level 11 in Maces & Flails
  6767 | D:7      | Reached XP level 10. HP: 67/90 MP: 9/9
  6864 | D:8      | Noticed Grum
  6886 | D:8      | Reached * piety under Okawaru
  6890 | D:8      | Killed Grum
  6892 | D:8      | HP: 1/90 [wolf[Grum] (6)]
  6892 | D:8      | Slain by a wolf

Vault maps used:
D:1:      dpeg_arrival_chase, minmay_small_reverse_x
D:2:      kiku_gazebo_garden_becter
D:3:      nicolae_overflow_hidden_temple, item_on_display_a
D:4:      marbit_many_paths, grunt_dithmenos_smoke_and_mirrors, uniq_sigmund
D:5:      lemuel_crystal_altar, first_bread, hangedman_decor_points
D:6:      nicolae_overflow_crystal_walls, bloody_makhleb,
          nicolae_qazlal_style_of_elements, temple_doors_cd,
          gup_sewer_entry_spiral, serial_undead, serial_undead_a,
          serial_undead_b, serial_undead_c, serial_undead_a, minivault_22,
          uniq_prince_ribbit1, uniq_pikel, uniq_duvessa
D:7:      lemuel_round_altar, xom_shifter_show, okawaru_humans, grunt_ogre_cave
D:8:      kennysheep_cross_room, uniq_grum
Temple:   zaba_magenta_temple

Skill      XL: |  1  2  3  4  5  6  7  8  9 10 |
---------------+-------------------------------+-----
Maces & Flails | 3 4 5 6 7 9 11 | 11.1
Dodging        | 1 2 3 4 5 6 7 |  7.0
Fighting       | 4 5 6 7 8 |  8.7
Armour         | 4 5 6 7 8 |  8.6
Shields        | |  3.6

Action                   |  1- 3 |  4- 6 |  7- 9 | 10-12 || total
-------------------------+-------+-------+-------+-------++-------
Melee: Flail             |    86 |   199 |   361 |    17 ||   663
       Headbutt          |     8 |    34 |    60 |     1 ||   103
  Use: Scroll            |       |     8 |     6 |       ||    14
       Potion            |       |       |     6 |     2 ||     8
  Eat: Chunk             |       |     6 |    12 |       ||    18
       Royal jelly       |       |       |     1 |       ||     1
Armor: Scale mail        |    52 |    19 |    64 |     3 ||   138
       Plate armour      |       |   109 |    36 |       ||   145
Dodge: Dodged            |    30 |    30 |    91 |     7 ||   158
Block: Shield            |    50 |   118 |   150 |     9 ||   327

Table legend:
 A = Spawn XP
 B = Non-spawn XP
 C = Spawn XP percentage of total XP
 D = Spawn monster count
 E = Non-spawn monster count
 F = Spawn count percentage of total count
 G = Total turns spent on level
                    A         B        C        D         E        F      G
               +---------+---------+-------+---------+---------+-------+---------
         Total |       0 |    5865 |   0.0 |       0 |     194 |   0.0 |  6892
               +---------+---------+-------+---------+---------+-------+---------
           D:1 |       0 |      75 |   0.0 |       0 |      36 |   0.0 |   846
           D:2 |       0 |      79 |   0.0 |       0 |      19 |   0.0 |   525
           D:3 |       0 |     243 |   0.0 |       0 |      35 |   0.0 |  1146
           D:4 |       0 |     734 |   0.0 |       0 |      21 |   0.0 |  1324
           D:5 |       0 |     313 |   0.0 |       0 |       9 |   0.0 |   922
           D:6 |       0 |    2479 |   0.0 |       0 |      39 |   0.0 |   937
           D:7 |       0 |    1632 |   0.0 |       0 |      31 |   0.0 |  1074
           D:8 |       0 |     310 |   0.0 |       0 |       4 |   0.0 |    39
               +---------+---------+-------+---------+---------+-------+---------
